 Dungeon Crawl Stone Soup version 0.29.1-12-g30fa7ad0bf (webtiles) character file.

Game seed: 14540451843722567507

90 RapScallion the Trooper (level 4, -3/40 HPs)
             Began as a Hill Orc Fighter on Jan 18, 2023.
             Slain by Sigmund
             ... wielding a +0 scythe
              (5 damage)
             ... on level 3 of the Dungeon.
             The game lasted 00:06:43 (1684 turns).

RapScallion the Trooper (Hill Orc Fighter)          Turns: 1684, Time: 00:06:43

Health: -3/40      AC:  9    Str: 19 (20) XL:     4   Next: 56%
Magic:  4/4        EV: 13    Int:  6 (8)  God:
Gold:   95         SH:  4    Dex:  8 (10) Spells: 3/3 levels left

rFire   . . .      SeeInvis .   n - +0 mace (drain)
rCold   . . .      Faith    .   c - +0 buckler
rNeg    . . .      Spirit   .   b - +0 scale mail
rPois   .          Reflect  .   (no helmet)
rElec   .          Harm     .   (no cloak)
rCorr   .          Rampage  .   f - +0 pair of gloves
Will    .....                   m - +0 pair of boots
Stlth   ..........              (no amulet)
HPRegen 0.13/turn               k - +4 ring of slaying
MPRegen 0.09/turn               h - +4 ring of evasion

@: no status effects
A: no striking features
a: no special abilities


You were on level 3 of the Dungeon.
You visited 1 branch of the dungeon, and saw 3 of its levels.

You collected 95 gold pieces.

Inventory:

Hand Weapons
 a - a +0 war axe
 n - a +0 mace of draining (weapon)
Missiles
 e - 3 silver javelins (quivered)
Armour
 b - a +0 scale mail (worn)
 c - a +0 buckler (worn)
 f - a +0 pair of gloves (worn)
 m - a +0 pair of boots (worn)
Jewellery
 h - a +4 ring of evasion (right hand)
 k - a +4 ring of slaying (left hand)
 s - a +6 ring of dexterity
Scrolls
 i - a scroll of immolation {unknown}
 l - a scroll of enchant armour {unknown}
 p - a scroll of torment {unknown}
 q - a scroll of vulnerability {unknown}
 r - a scroll of silence {unknown}
 u - a scroll of amnesia {unknown}
Potions
 d - a potion of might
 g - 2 potions of lignification {unknown}
 j - a potion of degeneration
 o - a potion of attraction {unknown}
 t - a potion of haste {unknown}


   Skills:
 + Level 4.0 Fighting
 + Level 3.8(3.9) Axes
 + Level 0.2(1.9) Maces & Flails
 + Level 3.9 Armour
 + Level 1.3 Dodging
 + Level 0.1 Stealth
 + Level 3.7 Shields


You had 3 spell levels left.
You didn't know any spells.
Your spell library contained the following spells:

 Spells                   Type           Power      Damage    Failure   Level
 Static Discharge         Conj/Air       0%         3-3/arc   96%         2
 Lightning Bolt           Conj/Air       0%         1d11      100%        5
 Maxwell's Capacitive Co  Air            0%         ∞         100%        8


Dungeon Overview and Level Annotations

Branches:
Dungeon (3/15)

Altars:
Nemelex Xobeh
Sif Muna

Annotations:
D:3 Sigmund


Message History

You hit something. Something hits you but does no damage.
You miss something.
You hear some strange, mumbled words.
A magic dart appears from out of thin air!
The magic dart hits you! Something hits you but does no damage.
You closely miss something. You barely miss something.
You hear some strange, mumbled words.
A puff of flame appears from out of thin air!
The puff of flame misses you. Something hits you but does no damage.
You hit something.
You hear some strange, mumbled words.
A puff of flame appears from out of thin air!
The puff of flame hits you.
You barely miss something. Something hits you!
You hit something.
You hear some strange, mumbled words.
Something tries to affect you, but you resist.
You closely miss something.
You hear some strange, mumbled words.
You are confused.
You closely miss something. Something hits you.
You barely miss something. Something hits you.
* * * LOW HITPOINT WARNING * * *
It was a potion of degeneration.
There was something very wrong with that liquid.
You feel weakened.
You feel dopey.
You feel clumsy.
You hear some strange, mumbled words.
A magic dart appears from out of thin air!
The magic dart hits you.
* * * LOW HITPOINT WARNING * * *
Something hits you but does no damage.
You bump into the crystal wall.
Something hits you.
* * * LOW HITPOINT WARNING * * *
You bump into the crystal wall.
You feel less confused. Something hits you.
* * * LOW HITPOINT WARNING * * *
Something hits you.
You die...

... ... ..#
..##.##.. #.
..#.#.. .# .
#..##.....##..#
#.#
....._......#
#...
##.....##..#
#..#.
#.#..#..##
#...##.##......
#...@.....#
#####
###{......#
#...###
######..#
#......
##.#####...###
#........##
##########


There were no monsters in sight!

Vanquished Creatures
  Terence (D:3)
  An adder (D:2)
  A worm (D:2)
  2 endoplasms
  3 giant cockroaches
  3 goblins
  4 hobgoblins
  3 jackals (D:1)
  3 quokkas
  4 ball pythons
  8 bats
  6 frilled lizards
  6 kobolds
  6 rats
51 creatures vanquished.

Notes
Turn   | Place    | Note
-------+----------+-------------------------------------------
     0 | D:1      | RapScallion the Hill Orc Fighter began the quest for the
                  | Orb.
     0 | D:1      | Reached XP level 1. HP: 19/19 MP: 1/1
   170 | D:1      | Reached XP level 2. HP: 23/27 MP: 2/2
   714 | D:1      | Reached skill level 4 in Fighting
   714 | D:1      | Reached XP level 3. HP: 29/33 MP: 3/3
   884 | D:2      | Found a sparkling altar of Nemelex Xobeh.
  1337 | D:2      | Reached XP level 4. HP: 28/40 MP: 4/4
  1434 | D:2      | Found a faded altar of an unknown god.
  1468 | D:3      | Noticed Terence
  1478 | D:3      | Killed Terence
  1479 | D:3      | Reached skill level 1 in Dodging
  1660 | D:3      | Found a shimmering blue altar of Sif Muna.
  1662 | D:3      | Noticed Sigmund
  1683 | D:3      | HP: 2/40 [something (4)]
  1684 | D:3      | Slain by Sigmund

Illustrated notes

Levels and vault maps discovered:
D:1:      tarquinn_simple_flora_water_f, layout_rooms
D:2:      layout_rooms, shapermc_ecumenical_altar_hornbeckon, basic_altar,
          kennysheep_generic_room_11
D:3:      layout_loops_ring, mainiacjoe_overflow_small_starburst, minivault_26,
          uniq_pargi, uniq_terence, uniq_sigmund

Skill      XL: |  1  2  3  4 |
---------------+-------------+-----
Fighting       | 4 |  4.0
Axes           | 3 |  3.8
Dodging        | 1 |  1.3
Maces & Flails | |  0.2
Armour         | |  3.9
Stealth        | |  0.1
Shields        | |  3.7

Action                   |  1- 3 |  4- 6 || total
-------------------------+-------+-------++-------
Melee: War axe           |    83 |       ||    83
       Mace              |    23 |    27 ||    50
  Use: Potion            |       |     1 ||     1
Armor: Scale mail        |    50 |     9 ||    59
Dodge: Dodged            |    71 |    16 ||    87
Block: Buckler           |    30 |     2 ||    32
